Map: Daybreak LE (Void)

Players

Serral - Winner!

  • Race: Zerg Zerg
  • League: Grandmaster
  • Spawn Location: 7:00

HeroMarine

  • Race: Terran Terran
  • Spawn Location: 1:00

Event: NationWars IV

VOD

Have the link to the VOD?

Description

Time

  • Played on: Jan. 2, 2017, 1:12 p.m.
  • Length: 17:30
Show
View Real Time Build Order
Export as new Build Order

Serral Zerg - Winner!

Build Orders: Hatch First 

Get SALT Encoding   

  12  0:00  Drone  
  13  0:12  Overlord  
  13  0:18  Drone  
  14  0:31  Drone x2  
  14  0:34  Drone  
  17  0:52  Hatchery  
  17  0:55  Drone  
  17  0:58  Drone  
  18  1:09  Extractor  
  17  1:13  Spawning Pool  
  17  1:17  Drone  
  17  1:20  Drone  
  18  1:29  Drone  
  19  1:38  Overlord  
  19  2:00  Zergling x4, Queen  
  23  2:03  Queen  
  23  2:04  Zergling x2  
  26  2:08  Metabolic Boost  
  26  2:11  Drone  
  26  2:15  Drone  
  28  2:21  Drone  
  29  2:26  Drone  
  30  2:36  Drone x2  
  32  2:39  Queen  
  32  2:42  Overlord  
  34  2:47  Drone  
  35  2:54  Overlord  
  35  2:57  Drone  
  36  3:05  Drone  
  37  3:08  Drone x3  
  37  3:09  Drone  
  41  3:13  Drone x3  
  44  3:25  Hatchery  
  43  3:31  Queen  
  43  3:34  Drone  
  46  3:36  Drone  
  46  3:38  Drone  
  48  3:42  Overlord  
  48  3:45  Drone x2  
  48  3:46  Drone  
  52  3:48  Drone  
  52  3:52  Evolution Chamber  
  52  3:53  Evolution Chamber  
  52  3:55  Drone  
  51  3:56  Drone  
  51  4:00  Overlord  
  51  4:02  Drone  
  53  4:03  Drone  
  53  4:05  Drone  
  53  4:09  Queen  
  57  4:11  Drone  
  57  4:13  Drone  
  59  4:20  Zerg Melee Weapons Level 1  
  59  4:22  Zerg Ground Armor Level 1  
  59  4:24  Drone  
  59  4:25  Drone  
  59  4:28  Zergling x4  
  63  4:31  Overlord  
  63  4:35  Zergling x2  
  63  4:37  Queen  
  66  4:38  Zergling x2  
  66  4:40  Zergling x2  
  66  4:41  Zergling x2  
  66  4:44  Zergling x4  
  71  4:48  Queen  
  71  4:51  Zergling x4  
  71  4:52  Zergling x2  
  76  4:57  Extractor  
  76  4:58  Baneling Nest, Zergling x4  
  76  5:02  Lair  
  76  5:03  Drone  
  76  5:06  Spore Crawler  
  76  5:07  Zergling x4  
  76  5:10  Drone x2  
  76  5:11  Drone  
  81  5:17  Overlord  
  81  5:19  Overlord  
  81  5:25  Overlord  
  81  5:26  Drone  
  82  5:34  Queen  
  84  5:36  Zergling x8  
  84  5:37  Zergling x2, Drone  
  84  5:38  Drone x2  
  84  5:42  Baneling x6  
  92  5:43  Zergling x2  
  92  5:45  Drone x3  
  96  5:50  Zergling x4  
  96  5:55  Overlord  
  98  5:57  Hatchery  
  98  5:59  Drone x3  
  98  6:01  Extractor  
  98  6:02  Centrifical Hooks  
  99  6:05  Extractor  
  99  6:06  Zergling x2, Baneling x2  
  99  6:11  Zergling x2  
  99  6:14  Queen  
  99  6:15  Drone x3  
  99  6:16  Overlord  
  99  6:17  Zergling x2  
  105  6:30  Drone  
  105  6:31  Drone x3  
  105  6:32  Drone x2  
  110  6:33  Extractor, Zergling x6  
  110  6:35  Baneling x3  
  110  6:36  Baneling x2  
  110  6:37  Overlord  
  110  6:38  Zergling x4  
  114  6:41  Zerg Melee Weapons Level 2  
  114  6:45  Zergling x6  
  117  6:49  Zergling x4  
  119  6:55  Zergling x2, Overseer  
  119  6:56  Overlord, Spore Crawler  
  119  6:57  Overseer  
  119  7:01  Zergling x12  
  124  7:08  Zerg Ground Armor Level 2  
  122  7:19  Drone  
  123  7:26  Zergling x4  
  123  7:27  Zergling x6  
  128  7:32  Hatchery  
  128  7:36  Overlord  
  126  7:38  Zergling x8  
  126  7:40  Overlord x3  
  126  7:41  Overlord x2, Infestation Pit  
  128  7:45  Overlord  
  128  7:46  Overlord  
  126  8:02  Zergling x2, Drone  
  126  8:03  Zergling x12  
  131  8:07  Hatchery  
  131  8:09  Zergling x2  
  131  8:10  Zergling x10  
  118  8:20  Drone  
  118  8:21  Drone x6  
  117  8:28  Zergling x10  
  117  8:30  Baneling x3  
  121  8:35  Drone x2  
  121  8:38  Queen  
  124  8:46  Hive  
  124  8:47  Drone x3  
  124  8:48  Drone  
  128  8:51  Baneling x3  
  128  9:01  Zergling x14  
  133  9:08  Drone x2  
  133  9:09  Drone x4  
  139  9:10  Baneling x2  
  139  9:16  Drone x3  
  139  9:17  Baneling x4  
  142  9:20  Queen  
  142  9:23  Baneling x4  
  144  9:25  Zergling x4  
  146  9:35  Zergling x16  
  146  9:37  Pneumatized Carapace  
  151  9:47  Baneling  
  151  9:48  Overlord, Baneling x7  
  144  9:57  Extractor  
  131  10:01  Zergling x2  
  131  10:02  Zergling x30  
  142  10:08  Baneling x5  
  142  10:14  Zergling x8  
  142  10:22  Zergling x16  
  142  10:24  Zerg Melee Weapons Level 3  
  142  10:26  Adrenal Glands  
  150  10:29  Zerg Ground Armor Level 3  
  150  10:36  Zergling x8  
  150  10:37  Ultralisk Cavern  
  150  10:40  Zergling x8  
  155  10:46  Baneling x6, Overseer  
  155  10:48  Zergling x2  
  155  10:49  Zergling x8  
  143  11:03  Zergling x6  
  143  11:04  Zergling x24  
  122  11:26  Chitinous Plating  
  122  11:27  Ultralisk x2  
  129  11:34  Baneling x9  
  129  11:35  Hatchery  
  129  11:37  Zergling x2  
  129  11:38  Zergling x14  
  129  11:39  Baneling x2  
  136  11:40  Baneling x2  
  136  11:46  Baneling x2  
  136  11:51  Zergling x20  
  136  11:54  Baneling x2  
  138  12:01  Ultralisk, Zergling x4  
  138  12:06  Baneling x8  
  136  12:11  Zergling x2  
  136  12:12  Zergling x10  
  136  12:14  Baneling x3  
  137  12:21  Drone x2  
  137  12:22  Zergling x2  
  127  12:23  Zergling x10  
  114  12:38  Zergling x2  
  114  12:39  Zergling x24  
  114  12:40  Overseer  
  114  12:44  Baneling x5  
  126  12:48  Queen  
  126  12:49  Baneling x4  
  128  12:56  Zergling x4  
  128  12:57  Zergling x10  
  128  13:05  Baneling x2  
  128  13:06  Baneling x3  
  119  13:16  Ultralisk x2, Zergling x2  
  119  13:17  Zergling x4  
  127  13:26  Ultralisk  
  119  13:28  Overseer  
  117  13:37  Ultralisk, Zergling x8  
  126  13:49  Zergling x2, Spire  
  126  13:50  Zergling x6  
  129  13:56  Zergling x8  
  128  14:15  Zergling x8  
  128  14:16  Zergling x16  
  130  14:24  Zergling x2  
  130  14:25  Zergling x16  
  139  14:37  Zergling x2  
  139  14:38  Zergling x18  
  142  14:44  Baneling x4  
  138  14:47  Zergling x2  
  138  14:48  Zergling x10  
  144  14:53  Zergling x4  
  144  14:54  Zergling x4  
  148  15:01  Corruptor x3  
  154  15:08  Corruptor x2  
  158  15:21  Corruptor x3  
  161  15:31  Zergling x2  
  161  15:32  Zergling x18  
  170  15:44  Baneling  
  170  15:45  Baneling x12  
  170  15:46  Zergling x4  
  156  16:01  Corruptor x4  
  162  16:04  Overlord  
  162  16:06  Overlord  
  162  16:07  Overlord  
  162  16:09  Baneling x5  
  162  16:10  Baneling  
  160  16:18  Corruptor x2  
  159  16:29  Ultralisk, Zergling x2  
  159  16:30  Zergling x6  
  160  16:40  Corruptor  
  160  16:42  Ultralisk  
  160  16:43  Zergling x8  
  160  16:47  Baneling x4  
  167  16:48  Zergling x6  
  167  16:52  Zergling x6  
  171  17:07  Baneling x4  
  171  17:08  Baneling x5  
  153  17:11  Zergling x2  
  153  17:12  Zergling x24  
Show
View Real Time Build Order
Export as new Build Order

HeroMarine Terran 

Build Orders: Reaper Expand, MMM Bio 

Get SALT Encoding   

  12  0:00  SCV  
  13  0:13  SCV  
  14  0:17  Supply Depot  
  14  0:25  SCV  
  15  0:39  SCV  
  15  0:40  Barracks  
  16  0:44  Refinery  
  16  0:51  SCV  
  17  1:03  SCV  
  18  1:15  SCV  
  19  1:28  Orbital Command, Reaper  
  20  1:43  Command Center  
  20  1:53  Barracks  
  20  1:57  SCV  
  21  2:01  Barracks Reactor  
  21  2:09  SCV  
  21  2:12  Supply Depot  
  21  2:14  Refinery  
  22  2:21  SCV  
  23  2:33  SCV  
  24  2:38  Marine x2  
  24  2:41  Factory  
  24  2:42  Barracks Tech Lab  
  26  2:46  SCV  
  27  2:55  Orbital Command  
  27  2:58  SCV  
  28  3:00  Stimpack  
  28  3:02  Marine x2  
  28  3:05  Marine  
  31  3:10  SCV  
  32  3:20  Marine x2  
  32  3:21  SCV  
  32  3:22  SCV  
  32  3:26  Starport  
  36  3:28  Factory Reactor  
  36  3:33  SCV  
  37  3:34  SCV  
  37  3:36  Supply Depot  
  37  3:38  Marine  
  37  3:40  Marine  
  40  3:43  Marine  
  40  3:46  SCV  
  40  3:47  SCV  
  43  3:57  Marine  
  43  3:58  Marine, SCV  
  43  3:59  SCV  
  43  4:00  Marine  
  43  4:02  Supply Depot  
  48  4:10  Medivac x2  
  48  4:11  SCV x2  
  54  4:17  Supply Depot  
  54  4:23  Marine x3, SCV  
  58  4:24  SCV, Refinery  
  59  4:36  SCV  
  59  4:37  SCV  
  61  4:38  Engineering Bay  
  61  4:39  Engineering Bay  
  61  4:46  Marine x3  
  61  4:49  SCV x2  
  61  4:50  Supply Depot  
  66  4:53  Medivac, Widow Mine  
  70  5:12  Combat Shields, Marine x3  
  70  5:13  Terran Infantry Weapons Level 1  
  70  5:14  Terran Infantry Armor Level 1  
  73  5:20  Command Center  
  73  5:26  Supply Depot  
  73  5:27  Factory Reactor  
  73  5:29  Marine x2  
  73  5:33  SCV x2  
  73  5:34  Barracks  
  77  5:36  Starport Reactor  
  77  5:38  Marine  
  78  5:47  Marine  
  79  5:50  Barracks  
  79  5:53  Marine  
  79  5:54  Barracks  
  79  5:56  Marine  
  81  5:59  SCV x2  
  81  6:01  Refinery  
  83  6:05  Marine, Supply Depot  
  83  6:07  Widow Mine  
  86  6:17  Supply Depot  
  86  6:26  Marine, Widow Mine  
  86  6:27  SCV x2  
  86  6:29  Marine x2  
  86  6:31  Marine  
  86  6:32  Marine  
  95  6:38  Orbital Command, Armory  
  95  6:39  SCV x2  
  97  6:41  Barracks Reactor x2  
  97  6:45  Marauder  
  97  6:46  Medivac  
  97  6:47  Marine x2  
  101  6:48  Medivac  
  101  6:53  Supply Depot  
  101  6:54  SCV x2  
  107  6:56  Marine  
  108  7:04  Supply Depot  
  108  7:06  SCV  
  109  7:10  Marine x4  
  113  7:16  Medivac  
  113  7:18  Medivac  
  113  7:19  Widow Mine x2  
  121  7:24  Terran Infantry Armor Level 2  
  121  7:26  Terran Infantry Weapons Level 2  
  121  7:27  Orbital Command  
  121  7:28  Marine x2  
  122  7:30  Marine  
  122  7:32  Marine  
  122  7:34  Marine  
  122  7:35  Marine x2  
  125  7:43  Marauder, Marine  
  128  7:46  Marine  
  128  7:47  Widow Mine x2  
  133  7:53  Supply Depot  
  133  7:55  Supply Depot  
  133  7:59  Marine, Liberator  
  133  8:04  Marine  
  133  8:10  Bunker  
  133  8:14  Marine x6  
  133  8:15  Marauder  
  133  8:17  Marine  
  141  8:22  Marine  
  138  8:31  Widow Mine x2  
  138  8:32  Marine x6  
  138  8:34  Marine, SCV  
  144  8:35  Marine, SCV  
  144  8:37  SCV  
  144  8:40  Marine  
  146  8:43  Supply Depot  
  146  8:50  Marine x3  
  146  8:54  Supply Depot  
  146  8:55  Marine x2, Medivac  
  153  8:59  Medivac, Widow Mine  
  157  9:04  Supply Depot x2, Widow Mine  
  157  9:05  Unknown x2  
  157  9:07  Marine x3  
  161  9:10  Marauder, Marine x2  
  161  9:11  Supply Depot  
  161  9:15  Marine  
  166  9:20  Barracks  
  166  9:21  Barracks x2  
  166  9:24  Marine x2  
  166  9:28  Widow Mine  
  166  9:29  Marine x3, Supply Depot  
  173  9:31  Marine  
  173  9:33  Marine, Widow Mine  
  177  9:40  Terran Infantry Armor Level 3  
  174  9:56  Marine x3  
  174  9:57  SCV  
  174  9:58  SCV  
  161  10:03  SCV  
  161  10:04  Marine x2  
  164  10:09  Marine x2  
  164  10:10  SCV x2  
  168  10:15  SCV  
  168  10:20  Marine, Barracks Tech Lab  
  168  10:21  Marine x2  
  172  10:22  SCV x2  
  172  10:24  Widow Mine  
  176  10:28  Marine  
  176  10:29  Marine  
  176  10:30  Marine x2  
  176  10:31  Marine  
  176  10:32  Supply Depot  
  176  10:34  Marauder  
  183  10:38  Marine  
  183  10:39  Barracks Tech Lab  
  183  10:40  Marine x2, Barracks Tech Lab  
  186  10:44  Widow Mine  
  186  10:45  Marine  
  186  10:46  Marine  
  182  10:52  Widow Mine  
  182  10:56  Marine x2  
  177  10:57  Marine x2  
  177  10:59  Marine x3  
  177  11:00  Marine x2  
  177  11:02  Marauder, Unknown x2  
  144  11:05  Marine x2  
  135  11:12  Widow Mine  
  135  11:13  Marine, Medivac x2  
  135  11:18  Marine x3  
  144  11:19  Marauder x2  
  144  11:22  Marine x3  
  144  11:23  Marine x2  
  144  11:24  Widow Mine  
  156  11:28  Marine  
  156  11:31  Marine  
  158  11:36  Marine x2  
  160  11:40  Marauder  
  160  11:41  Widow Mine  
  160  11:43  Marine  
  160  11:44  Marauder x2  
  160  11:45  Marine x2  
  171  11:51  Marauder  
  171  11:52  Widow Mine  
  167  11:56  Marine  
  167  11:57  Marine  
  167  11:58  Marine  
  167  12:01  Marauder, Marine  
  161  12:02  Marine x3  
  161  12:07  Medivac x2  
  167  12:08  Marine  
  167  12:09  Marauder x2, Widow Mine  
  167  12:12  Marauder  
  167  12:14  Marine x2  
  176  12:16  Marine  
  176  12:18  Marine  
  176  12:20  Liberator  
  176  12:21  Widow Mine  
  171  12:23  Marauder  
  171  12:25  Marine x2  
  171  12:26  Liberator  
  161  12:30  Marauder x2  
  161  12:34  Marauder, Marine  
  152  12:38  Widow Mine  
  160  12:44  Marauder  
  162  12:51  Marauder  
  162  12:56  Marauder  
  162  12:58  Marauder  
  164  13:03  Liberator  
  153  13:09  Liberator  
  153  13:10  Orbital Command  
  153  13:11  Marauder  
  124  13:13  Marine  
  124  13:14  Marine x2  
  114  13:20  Marine x2  
  114  13:23  Marine x2  
  114  13:27  Marine  
  112  13:28  Marine x2  
  112  13:31  Marine  
  111  13:36  Marine x2  
  111  13:37  Widow Mine  
  111  13:39  Marine  
  116  13:43  Marine  
  116  13:44  Marine  
  116  13:48  Marauder x2, Marine  
  120  13:49  Marine  
  120  13:52  Widow Mine  
  120  13:55  Marine  
  125  13:57  Marine x2  
  125  13:58  Liberator  
  125  13:59  Marine x2  
  125  14:00  Marine x2, Liberator  
  125  14:01  Marine  
  129  14:06  Widow Mine  
  129  14:08  Marine x2  
  129  14:09  Marauder, Marine  
  130  14:13  Marine  
  130  14:15  Marine x2  
  133  14:17  Marauder  
  133  14:20  Marauder  
  133  14:22  SCV x2  
  133  14:23  Marine x2  
  141  14:28  SCV  
  137  14:37  Terran Infantry Weapons Level 3  
  131  14:40  Liberator  
  131  14:42  Marauder  
  131  14:43  Marauder  
  134  14:47  Widow Mine x2  
  134  14:51  Liberator  
  138  14:54  Marauder x2  
  138  14:55  Marine  
  138  14:56  Marine  
  138  14:59  Marine x3  
  150  15:02  Marine x2  
  155  15:15  Marauder x2, Marine, Widow Mine  
  155  15:19  Marine x2  
  163  15:23  Marauder x2, Liberator  
  163  15:24  Marine  
  163  15:25  Marine  
  169  15:29  Marine x2  
  169  15:34  Marine x2  
  173  15:36  Marauder  
  173  15:37  Marauder  
  177  15:46  Marine x2  
  162  15:55  Marine x4  
  156  16:00  Marauder  
  156  16:02  Marine x2  
  156  16:03  Marine x2  
  152  16:11  Marine x2  
  152  16:16  Marine x2  
  152  16:17  Marine  
  156  16:19  Marine  
  156  16:24  Marine  
  143  16:31  Marine  
  137  16:38  Marine  
  105  17:05  Marine  
  38  17:22  Unknown  
  38  17:23  Unknown x3  
Tags
 
Add a new tag
Caveats
  • Supply blocks, unpowered buildings, or Contaminate may cause inaccurate times.
  • Supply counts are checked every 10 seconds.